Get step-by-step instructions on how to execute this build order below. Start the game timer, and the build order will tick by so you can play in parallel with StarCraft on a second screen or mobile device.

Game Time

  0:00

Last Step

  N/A

Next Step

Upcoming Step



Don't want to look back and forth between 2 screens? Try out our Overwolf App, the Spawning Tool Build Advisor to get an in-game overlay with this build!

Complete Build Order

  12  0:00  SCV  
  13  0:12  SCV  
  14  0:17  Supply Depot  
  14  0:24  SCV  
  15  0:39  SCV  
  15  0:40  Barracks  
  15  0:42  Refinery  
  16  0:51  SCV  
  17  0:59  Barracks  
  17  1:03  SCV  
  18  1:15  SCV  
  19  1:18  Barracks  
  19  1:27  Reaper  
  20  1:35  Orbital Command  
  20  1:40  Refinery  
  20  1:46  Reaper  
  21  1:52  Supply Depot  
  21  2:02  Reaper, SCV  
  23  2:14  Reaper  
  24  2:16  SCV  
  24  2:18  Supply Depot  
  25  2:23  Reaper  
  26  2:31  SCV  
  26  2:35  Reaper  
  28  2:43  SCV  
  29  2:46  Reaper  
  30  2:53  Command Center  
  30  2:56  Reaper  
  31  2:59  SCV  
  32  3:12  SCV  
  33  3:17  Marine  
  34  3:20  Engineering Bay  
  34  3:21  Barracks Tech Lab  
  34  3:24  SCV  
  35  3:32  Supply Depot  
  35  3:33  Barracks Reactor  
  35  3:39  SCV  
  35  3:40  Barracks Reactor, Marine  
  37  3:43  Stimpack  
  37  3:51  SCV  
  38  3:55  Factory  
  38  4:00  Marine  
  39  4:03  SCV  
  39  4:06  Orbital Command  
  40  4:10  Terran Infantry Weapons Level 1  
  40  4:14  Marine  
  40  4:15  Marine  
  42  4:17  SCV  
  42  4:19  Marine  
  42  4:21  Marine  
  42  4:24  Marine  
  45  4:29  SCV  
  47  4:31  SCV  
  47  4:34  Marine x2  
  50  4:39  Supply Depot  
  50  4:42  SCV  
  50  4:43  SCV  
  50  4:44  Starport  
  52  4:45  Factory Reactor  
  52  4:51  Marine x2  
  54  4:53  Marine  
  54  4:54  SCV  
  54  4:55  SCV, Marine  
  54  4:56  Marine  
  59  5:02  Refinery  
  59  5:06  Supply Depot, SCV  
  60  5:07  SCV  
  61  5:15  Marine x4  
  61  5:17  Marine  
  61  5:18  SCV  
  61  5:20  SCV  
  68  5:27  Factory Tech Lab  
  68  5:28  Medivac x2  
  72  5:30  SCV  
  72  5:32  SCV, Supply Depot  
  72  5:33  Marine x3  
  72  5:35  Marine  
  78  5:39  Combat Shield  
  78  5:45  Supply Depot  
  78  5:53  Siege Tank, SCV x2, Marine  
  78  5:55  Supply Depot  
  84  5:57  Marine  
  84  5:58  Marine  
  86  6:06  Marine x2  
  86  6:07  SCV x2  
  86  6:10  Supply Depot  
  86  6:11  Marine  
  91  6:13  Refinery  
  91  6:17  Medivac x2  
  95  6:19  Marine x2  
  95  6:24  Marine x2  
  99  6:29  Marine  
  100  6:35  Siege Tank  
  100  6:36  Marine  
  100  6:37  Marine  
  105  6:41  Supply Depot  
  105  6:43  Supply Depot  
  105  6:44  Marine x2  
  105  6:47  Marine  
  108  6:54  Marine  
  108  6:59  Marine  
  110  7:02  Liberator x2, Marine x2  
  110  7:04  Marine  
  119  7:12  Marine  
  120  7:18  Marine  
  120  7:20  Marine x2  
  120  7:22  Marine  
  123  7:27  Terran Infantry Armor Level 1  
  124  7:30  Marine  
  124  7:31  Supply Depot  
  124  7:36  Marine  
  126  7:42  Supply Depot x2  
  126  7:53  Siege Tank, Marine x4  
  132  8:01  Marine  
  127  8:11  Marine x4  
  130  8:19  Marine  
  127  8:28  Marine x4  
  127  8:31  Siege Tank  
  127  8:33  Medivac x2  
  109  8:37  Marine  
  109  8:41  Command Center  
  110  8:46  Marine x4  
  114  8:55  Marine  
  115  8:58  Barracks  
  115  8:59  Barracks  
  115  9:04  Marine x4  
  118  9:12  Marine  
  118  9:14  Siege Tank  
  122  9:17  Liberator  
  122  9:21  Liberator  
  122  9:22  Marine x4  
  132  9:33  Marine  
  131  9:40  Marine x4  
  135  9:46  Siege Tank  
  135  9:51  Marine  
  139  9:57  Marine  
  139  9:59  Marine x2  
  139  10:07  Marine  
  139  10:11  Marine x2  
  139  10:13  Marine  
  133  10:15  Marine  
  133  10:16  Marine  
  133  10:17  Marine  
  133  10:18  Siege Tank  
  133  10:29  Armory, Marine  
  133  10:30  Engineering Bay  
  133  10:31  Marine  
  133  10:33  Marine  
  133  10:34  Marine x2  
  139  10:37  Barracks Reactor x2  
  139  10:40  SCV x2  
  139  10:47  Marine  
  139  10:49  Marine  
  141  10:50  Siege Tank  
  141  10:51  Marine  
  141  10:52  SCV, Marine x2  
  141  10:54  SCV  
  141  11:04  Marine  
  141  11:05  Orbital Command  
  141  11:06  Marine  
  141  11:09  Marine  
  141  11:10  SCV x2, Marine x2  
  148  11:19  Marine  
  148  11:20  Marine x2  
  148  11:22  Siege Tank, Marine  
  148  11:24  Marine  
  156  11:26  Medivac  
  156  11:27  Marine  
  156  11:32  Marine x2  
  141  11:44  SCV x2  
  141  11:45  Marine x2  
  141  11:47  Marine x5  
  129  11:49  Terran Infantry Weapons Level 2  
  129  11:53  Terran Infantry Armor Level 2  
  134  11:55  Siege Tank  
  134  11:59  SCV  
  134  12:00  SCV x2  
  140  12:04  Terran Vehicle Weapons Level 1  
  140  12:09  Marine x7  
  140  12:10  Marine  
  140  12:12  Marine  
  140  12:15  Liberator  
  152  12:22  Liberator  
  151  12:27  Siege Tank  
  151  12:28  Marine  
  151  12:29  Marine x6  
  164  12:37  Marine  
  164  12:39  Marine  
  165  12:51  Factory  
  165  12:52  Marine x3  
  165  12:53  Supply Depot x2  
  165  12:54  Supply Depot  
  165  12:56  Marine x5  
  165  12:57  Marine  
  157  12:59  Siege Tank  
  160  13:10  Marine x3  
  154  13:13  Marine  
  154  13:14  Marine x3  
  154  13:15  Marine  
  154  13:16  Marine  
  133  13:24  Medivac x2  
  135  13:27  Marine x2  
  135  13:28  Marine  
  135  13:31  Marine x3  
  135  13:32  Marine  
  135  13:33  Siege Tank, Marine  
  135  13:34  Marine  
  146  13:44  Factory Tech Lab  
  146  13:45  Marine x2  
  146  13:46  Marine  
  149  13:49  Marine x3  
  149  13:50  Sensor Tower, Marine  
  153  13:56  Marine x2  
  155  14:03  Marine x3  
  155  14:07  Marine x4, Medivac x2  
  163  14:10  Orbital Command  
  163  14:11  Siege Tank  
  163  14:14  Marine  
  155  14:17  Marine  
  155  14:21  Marine x3  
  158  14:25  Marine x2  
  158  14:29  Marine x2  
  140  14:31  Marine  
  140  14:35  Marine  
  140  14:36  Medivac  
  127  14:39  Marine x2  
  127  14:43  Siege Tank  
  127  14:44  Marine x3  
  135  14:46  Siege Tank  
  135  14:47  Marine x2  
  135  14:49  Marine  
  141  14:53  Marine  
  141  14:56  Sensor Tower, Marine  
  141  14:58  Marine  
  144  15:01  Marine, Medivac  
  144  15:02  Marine  
  144  15:06  Medivac  
  150  15:10  Marine  
  150  15:12  Marine x2  
  150  15:13  Marine x2  
  155  15:14  Marine  
  155  15:15  Siege Tank, Marine  
  155  15:18  Siege Tank  
  155  15:19  Marine  
  155  15:20  Marine  
  165  15:28  Marine  
  162  15:30  Marine x2  
  162  15:31  Marine x2  
  162  15:32  Medivac, Marine  
  162  15:33  Marine  
  171  15:37  Marine  
  171  15:38  Marine  
  173  15:46  Marine  
  173  15:47  Siege Tank, Marine  
  173  15:48  Marine  
  173  15:49  Marine x2  
  181  15:50  Siege Tank, Marine  
  181  15:51  Marine  
  181  15:55  Marine x2  
  188  16:04  Marine  
  188  16:08  Marine x5  
  188  16:09  Marine  
  179  16:13  Marine x2  
  181  16:19  Siege Tank  
  181  16:22  Marine  
  182  16:25  Marine x2  
  182  16:26  Marine x3  
  182  16:27  Marine  
  182  16:30  Marine  
  182  16:31  Marine  
  159  16:39  Marine  
  132  16:43  Marine x2  
  132  16:44  Marine x3  
  132  16:45  Marine  
  128  16:48  Siege Tank, Marine  
  128  16:49  Marine  
  128  16:51  Siege Tank  
  136  16:57  Marine  
  134  17:01  Marine x2  
  134  17:02  Marine x4  
  134  17:06  Marine  
  134  17:07  Marine  
  142  17:08  Refinery  
  142  17:09  Refinery  
  142  17:15  Marine  
  143  17:19  Marine x3  
  143  17:20  Marine x3  
  149  17:24  Marine  
  149  17:25  Barracks x2, Marine  
  151  17:33  Marine  
  151  17:37  Marine x5  
  149  17:38  Marine  
  149  17:40  Siege Tank  
  149  17:42  Marine x2  
  149  17:43  Siege Tank  
  156  17:51  Marine  
  157  17:54  Marine  
  157  17:55  Marine x4  
  157  17:56  Marine  
  163  18:00  Marine x2